 Dungeon Crawl Stone Soup version 0.28.0 (webtiles) character file.

Game seed: 8513728866125752602

232 croobank the Skirmisher (level 6, 0/52 HPs)
             Began as a Hill Orc Fighter on Feb 12, 2022.
             Succumbed to a killer bee's poison
             ... on level 4 of the Dungeon.
             The game lasted 00:10:54 (3431 turns).

croobank the Skirmisher (Hill Orc Fighter)          Turns: 3431, Time: 00:10:55

Health: 0/52       AC: 10    Str: 21    XL:     6   Next: 4%
Magic:  10/10      EV:  7    Int:  8    God:
Gold:   128        SH:  4    Dex: 10    Spells: 9/11 levels left

rFire   . . .      SeeInvis .   a - +2 war axe
rCold   . . .      Faith    .   c - +0 buckler
rNeg    . . .      Spirit   .   h - +1 chain mail
rPois   .          Reflect  .   (helmet restricted)
rElec   .          Harm     .   (no cloak)
rCorr   +          Rampage  .   (no gloves)
Will    .....                   (no boots)
Stlth   ..........              (no amulet)
HPRegen 0.17/turn               d - ring of resist corrosion
MPRegen 0.12/turn               (no ring)

@: lethally poisoned (0 -> -1)
A: antennae 1, evolution 1, MP-powered wands
a: no special abilities


You were on level 4 of the Dungeon.
You visited 1 branch of the dungeon, and saw 4 of its levels.

You collected 128 gold pieces.

Inventory:

Hand Weapons
 a - a +2 war axe (weapon)
Missiles
 f - 63 arrows
 i - 91 stones (quivered)
 k - 71 sling bullets
 l - 6 poisoned darts
Armour
 b - a +0 scale mail
 c - a +0 buckler (worn)
 h - a +1 chain mail (worn)
 s - the +0 robe "Isodgh" {MP+9 Dex+5}
   (You took it off a kobold on level 2 of the Dungeon)

   Dex:       It affects your dexterity (+5).
   MP:        It affects your magic capacity (+9).
 w - an orb of wrath
Jewellery
 d - a ring of resist corrosion (left hand)
 r - a ring of fire
Scrolls
 n - a scroll of vulnerability


   Skills:
 - Level 4.2 Fighting
 - Level 3.5 Axes
 - Level 3.7 Armour
 - Level 3.7 Shields
 + Level 3.2 Spellcasting


You had 9 spell levels left.
You knew the following spells:

 Your Spells              Type           Power      Damage    Failure   Level
a - Ensorcelled Hibernat  Hex/Ice        2%         N/A       99%         2

Your spell library contained the following spells:

 Spells                   Type           Power      Damage    Failure   Level
 Freeze                   Ice            4%         1d3       98%         1
 Frozen Ramparts          Ice            2%         1d2       100%        3
 Spider Form              Tmut/Pois      1%         N/A       100%        3
 Anguish                  Hex/Necr       0%         N/A       100%        4
 Hailstorm                Conj/Ice       1%         3d3       100%        4


Dungeon Overview and Level Annotations

Branches:
Dungeon (4/15)
 Temple: D:4-7

Altars:


Innate Abilities, Weirdness & Mutations

You have a pair of small antennae on your head.
You have hidden genetic potential.
You expend magic power (3 MP) to strengthen your wands.


Message History

The killer bee poisons you!
The killer bee stings you but does no damage.
The killer bee barely misses you. The orc closely misses you.
You feel sick. The killer bee barely misses you. x2
The killer bee stings you. You block the orc's attack.
You slash the killer bee!
The killer bee is almost dead.
You closely miss the killer bee.
You feel sick.
The killer bee stings you but does no damage.
The killer bee barely misses you.
The killer bee stings you but does no damage. x2
You block the orc's attack.
Okay, then.
You aren't carrying any potions.
You slash the killer bee!
You kill the killer bee!
You slash the killer bee!
You feel sick. The killer bee barely misses you. x2
The killer bee stings you but does no damage.
The orc hits you but does no damage. Something hits you but does no damage.
Your Spellcasting skill increases to level 3!
You have reached level 6!
You miss something. You closely miss the killer bee.
You feel sick. The killer bee barely misses you. The killer bee stings you.
* * * LOW HITPOINT WARNING * * *
The orc hits you from afar with a +2 trident of freezing!
* * * LOW HITPOINT WARNING * * *
The orc freezes you.
* * * LOW HITPOINT WARNING * * *
Something hits you but does no damage. The killer bee closely misses you.
The orc hits you but does no damage.
Sorry, you're not good enough to have a special ability.
You miss something. You miss the killer bee.
You feel sick.
The killer bee buzzes angrily.
The killer bee stings you.
* * * LOW HITPOINT WARNING * * *
The killer bee stings you but does no damage.
Something hits you but does no damage. The orc hits you but does no damage.
The killer bee stings you but does no damage.
You miss something. You miss the killer bee.
You die...

# .. ... #############
.... #@{y.........
..... ##y.####.....
..$...######o.....####
............o######
....o..####....##
....... #.....#
.....#. ##.......
#...##. #.......# ####
## #..#..y..


You could see 2 killer bees and 2 orcs.

Vanquished Creatures
  Blork the orc (D:4)
  A killer bee (D:4)
  4 gnolls (D:3)
  4 adders
  A dart slug (D:1)
  An orc (D:4)
  3 ball pythons
  2 endoplasms
  A giant cockroach (D:2)
  2 hobgoblins
  7 jackals
  5 kobolds
  4 quokkas
  2 bats
  2 frilled lizards
  6 goblins
  4 rats
50 creatures vanquished.

Notes
Turn   | Place    | Note
-------+----------+-------------------------------------------
     0 | D:1      | croobank the Hill Orc Fighter began the quest for the Orb.
     0 | D:1      | Reached XP level 1. HP: 19/19 MP: 1/1
   564 | D:1      | Reached XP level 2. HP: 26/27 MP: 2/2
   910 | D:2      | Reached skill level 4 in Fighting
   910 | D:2      | Reached XP level 3. HP: 25/33 MP: 3/3
  1383 | D:2      | Identified the +0 robe "Isodgh" {MP+9 Dex+5}
  1411 | D:2      | Learned a level 2 spell: Ensorcelled Hibernation
  1679 | D:3      | Reached XP level 4. HP: 3/40 MP: 4/4
  2017 | D:3      | Reached skill level 1 in Spellcasting
  2469 | D:3      | HP: 2/40 [goblin (4)]
  2478 | D:3      | Reached XP level 5. HP: 11/46 MP: 6/8
  2890 | D:4      | Noticed Blork the orc
  3051 | D:3      | Gained mutation: You expend magic power (3 MP) to
                  | strengthen your wands. [potion of mutation]
  3051 | D:3      | Gained mutation: You have hidden genetic potential. [potion
                  | of mutation]
  3051 | D:3      | Gained mutation: You have a pair of small antennae on your
                  | head. [potion of mutation]
  3059 | D:4      | Killed Blork the orc
  3429 | D:4      | Reached XP level 6. HP: 17/52 MP: 10/10
  3430 | D:4      | HP: 1/52 [killer bee (3)]
  3431 | D:4      | Succumbed to a killer bee's poison

Illustrated notes

Levels and vault maps discovered:
D:1:      pf_arrival_petrified_forest, layout_basic,
          ebering_dispersal_statue_hall
D:2:      layout_rooms
D:3:      layout_basic
D:4:      layout_rooms, lemuel_crystal_altar, minmay_temple_entry_hall,
          uniq_blork_the_orc

Skill      XL: |  1  2  3  4  5 |
---------------+----------------+-----
Axes           | 3 |  3.5
Fighting       | 4 |  4.2
Spellcasting   | 2 3 |  3.2
Armour         | |  3.7
Shields        | |  3.7

Action                   |  1- 3 |  4- 6 || total
-------------------------+-------+-------++-------
Melee: War axe           |    82 |    66 ||   148
  Use: Potion            |     1 |     7 ||     8
       Scroll            |       |     9 ||     9
Armor: Scale mail        |     6 |       ||     6
       Chain mail        |    41 |    63 ||   104
       Robe              |     3 |       ||     3
Dodge: Dodged            |    38 |    42 ||    80
Block: Buckler           |    22 |    14 ||    36
